 Dungeon Crawl Stone Soup version 0.30-a0-862-g1aabd4f9c5 (webtiles) character file.

Game seed: 14976900093844972804

19971 jasper the Pandemonic (level 12, -8/81 (94) HPs)
             Began as a Demonspawn Fighter on Mar 9, 2023.
             Was a High Priest of Makhleb.
             Killed from afar by Josephine (29 damage)
             ... with a ghostly fireball
             ... on level 3 of the Lair of Beasts.
             The game lasted 00:32:35 (16061 turns).

jasper the Pandemonic (Demonspawn Fighter)         Turns: 16061, Time: 00:32:35

HP:   -8/81 (94)    AC: 13    Str: 16    XL:     12   Next: 41%
MP:   12/20         EV: 15    Int: 26    God:    Makhleb [*****.]
Gold: 679           SH:  9    Dex: 23    Spells: 9/11 levels left

rFire   + . .      SeeInvis .    e - +2 short sword (drain)
rCold   x . .      Faith    .    l - +3 warlock's mirror {omnireflect}
rNeg    . . .      Spirit   .    u - +4 ring mail {rF+}
rPois   .          Reflect  +    Y - +2 hat {Int+3}
rElec   .          Rampage  .    (no cloak)
rCorr   +                        (no gloves)
Will    +++..                    N - +0 pair of boots
Stlth   +++++                    D - amulet of magic regeneration
HPRegen 0.33/turn                o - ring "Kupash" {rC- Will+++ rCorr Int+6 Stlth-}
MPRegen 0.57/turn                O - +6 ring of intelligence

@: lethally poisoned (-8 -> -20), wereblooded, heavily drained
A: thin skeletal structure 3, powered by death 1, demonic magic 2
a: Renounce Religion, Minor Destruction, Lesser Servant of Makhleb, Major
Destruction, Greater Servant of Makhleb


You were on level 3 of the Lair of Beasts.
You worshipped Makhleb.
Makhleb was extremely pleased with you.
You visited 2 branches of the dungeon, and saw 15 of its levels.
You also visited: Volcano.

You collected 959 gold pieces.
You spent 280 gold pieces at shops.

Inventory:

Hand Weapons
 b - a +0 short sword of speed
 e - a +2 short sword of draining (weapon)
 t - a +0 rapier
Missiles
 k - 96 stones
 s - 20 poisoned darts (quivered)
 v - 6 atropa-tipped darts
 F - a throwing net
 R - a curare-tipped dart
Armour
 l - the +3 warlock's mirror (worn) {omnireflect}
   (You acquired it on level 1 of the Dungeon)

   Omnireflect: It can block and reflect piercing ranged attacks and magical
   attacks against the wielder's willpower.
 m - a +3 leather armour of fire resistance
 u - a +4 ring mail of fire resistance (worn)
 N - a +0 pair of boots (worn)
 X - +0 acid dragon scales
 Y - a +2 hat of intelligence (worn)
Jewellery
 c - a ring of positive energy
 o - the ring "Kupash" (left hand) {rC- Will+++ rCorr Int+6 Stlth-}
   (You took it off Ijyb on level 3 of the Dungeon)

   [ring of intelligence]

   Int:       It affects your intelligence (+6).
   rC:        It makes you vulnerable to cold.
   rCorr:     It protects you from acid and corrosion.
   Will:      It greatly increases your willpower.
   Stlth:     It makes you less stealthy.
 D - an amulet of magic regeneration (around neck)
 J - a ring of resist corrosion
 K - a ring of ice
 O - a +6 ring of intelligence (right hand)
Wands
 y - a wand of flame (53)
 z - a wand of charming (15)
 U - a wand of roots (9)
 Z - a wand of mindburst (4)
Scrolls
 a - 2 scrolls of vulnerability
 w - 5 scrolls of teleportation
 A - 3 scrolls of blinking
 E - 2 scrolls of poison
 G - 2 scrolls of torment
 H - 2 scrolls of identify
 L - a scroll of butterflies
 M - a scroll of magic mapping
 P - 2 scrolls of fear
 Q - a scroll of amnesia
 T - 3 scrolls of immolation
 V - a scroll of enchant weapon
 W - 5 scrolls of enchant armour
Potions
 d - 2 potions of might
 f - 2 potions of ambrosia
 g - 3 potions of magic
 h - 2 potions of lignification
 i - 3 potions of flight
 j - 2 potions of curing
 n - 4 potions of haste
 p - 2 potions of heal wounds
 q - 4 potions of invisibility
 r - 2 potions of cancellation
 x - a potion of attraction
 B - 3 potions of mutation
 C - a potion of resistance
 S - a potion of berserk rage
Miscellaneous
 I - a tin of tremorstones (1/2)


   Skills:
 - Level 8.3 Fighting
 - Level 10.0 Short Blades
 - Level 1.7 Axes
 - Level 5.1 Armour
 - Level 6.9 Dodging
 - Level 6.5 Stealth
 - Level 4.0 Shields
 - Level 6.3 Transmutations
 + Level 11.2 Invocations


You had 9 spell levels left.
You knew the following spells:

 Your Spells              Type           Power      Damage    Failure   Level
a - Wereblood             Tmut           32%        N/A       3%          2

Your spell library contained the following spells:

 Spells                   Type           Power      Damage    Failure   Level
 Beastly Appendage        Tmut           64%        N/A       2%          1
 Spider Form              Tmut/Pois      16%        N/A       26%         3
 Magic Dart               Conj           0%         1d3       30%         1
 Summon Small Mammal      Summ           0%         N/A       30%         1
 Lesser Beckoning         Tloc           0%         N/A       41%         2
 Searing Ray              Conj           0%         2d4       41%         2
 Call Canine Familiar     Summ           0%         N/A       65%         3
 Gell's Gravitas          Tloc           0%         N/A       65%         3
 Portal Projectile        Hex/Tloc       0%         N/A       65%         3
 Summon Guardian Golem    Hex/Summ       0%         N/A       65%         3
 Teleport Other           Tloc           0%         N/A       65%         3
 Fulminant Prism          Conj/Hex       0%         3d5       96%         4
 Leda's Liquefaction      Hex/Erth       0%         N/A       96%         4


Dungeon Overview and Level Annotations

Branches:
Dungeon (12/15)            Temple (0/1) D:7            Lair (3/5) D:9
 Shoals (0/4) Lair:2          Orc (0/2) D:10        Volcano (visited)
  Snake: Lair:2-3    Spider: Lair:2-3

Altars:
Ashenzari
Dithmenos
Fedhas
Hepliaklqana
Makhleb
Nemelex Xobeh
Qazlal
Ru
Sif Muna

Shops:
D:1 ?   D:5 [   D:11 [

Annotations:
D:6 1 runed translucent door, cforsyth's ghost, novice DEEE
D:12 Nessos
Lair:3 Josephine


Innate Abilities, Weirdness & Mutations

You have an unnaturally thin skeletal structure. (Dex +6, Stealth+++)
You regenerate a little health from kills.
Spells you cast may paralyse nearby enemies.


Message History

You feel sick.
You take 1 damage, and have 67/91 hp.
You puncture Josephine!
Josephine is severely wounded.
You feel sick. You block Josephine's attack.
You take 1 damage, and have 66/91 hp.
You hit Josephine.
Josephine is severely wounded.
You feel sick.
You hit Josephine.
Josephine is almost dead.
The seven-headed hydra is no longer paralysed.
Josephine hits you but does no damage.
You are more poisoned.
You puncture Josephine!
Josephine is almost dead.
You feel very sick.
You take 3 damage, and have 63/91 hp.
You hit Josephine.
Josephine is almost dead.
You feel sick.
Josephine points at you and mumbles some strange words.
The ghostly flame explodes!
The ghostly fireball engulfs you!!
You feel drained.
The ghostly fireball engulfs Josephine.
Josephine completely resists.
You take 31 damage, and have 32/86 hp.
MASSIVE DAMAGE!!
You feel very sick.
You take 2 damage, and have 30/86 hp.
You feel sick.
You take 2 damage, and have 28/86 hp.
You feel sick.
You take 2 damage, and have 26/86 hp.
Josephine attacks as you move away!
Josephine hits you with a +1 dagger of venom.
* * * LOW HITPOINT WARNING * * *
You are more poisoned.
You feel very sick.
Josephine gestures at you while chanting.
The ghostly flame explodes!
The ghostly fireball engulfs you!!
You feel drained.
You die...

###...P.# .#...#.#..#
##......## #..........#
#.......## ##..........#
##.).....###............
#......................
#.......###D..........#
#......## #.@.........#
#.......# ##....†.....P
#.......# #@...†......
#.###.### #....†......
## ### ##..#.######
######


You could see a seven-headed hydra and Josephine.

Vanquished Creatures
  A fire dragon (Volcano)
  A catoblepas (D:10)
  3 two-headed ogres
  A lindwurm (Volcano)
  2 black mambas (Lair:1)
  A gargoyle (D:11)
  5 cane toads
  A molten gargoyle (Volcano)
  2 komodo dragons
  A rime drake (Lair:1)
  3 trolls
  5 blink frogs (Lair:1)
  24 yaks
  A wyvern (Lair:1)
  5 wraiths
  3 shadows
  7 fire bats (Volcano)
  2 vampire mosquitoes (D:10)
  2 steam dragons
  An acid dragon (D:10)
  2 hell hounds (Volcano)
  5 water moccasins
  An ice beast (D:8)
  3 orc warriors
  A sky beast (D:8)
  2 black bears (D:4)
  2 ogres
  6 wolves (Lair:1)
  7 centaurs
  A kobold brigand (D:8)
  5 phantoms
  5 bullfrogs
  A scorpion (D:5)
  A gnoll sergeant (D:7)
  A vampire bat (Lair:2)
  7 howler monkeys
  3 hounds
  An orc priest (D:9)
  Jessica (D:3)
  4 iguanas
  Ijyb (D:3)
  4 orc wizards
  2 sleepcaps
  A mummy (D:5)
  9 gnolls
  10 adders
  3 shadow imps
  2 worms
  5 dart slugs
  28 orcs
  7 endoplasms
  3 giant cockroaches
  10 goblins
  7 hobgoblins
  3 jackals (D:5)
  15 kobolds
  5 quokkas
  10 ball pythons
  12 bats
  4 frilled lizards
  2 kobold zombies (D:5)
  2 orc zombies (D:5)
  8 rats
283 creatures vanquished.

Vanquished Creatures (collateral kills)
  A two-headed ogre (D:9)
  A centaur (D:9)
2 creatures vanquished.

Vanquished Creatures (others)
  5 fungi
  6 plants
11 creatures vanquished.

Grand Total: 296 creatures vanquished

Notes
Turn   | Place    | Note
-------+----------+-------------------------------------------
     0 | D:1      | jasper the Demonspawn Fighter began the quest for the Orb.
     0 | D:1      | Reached XP level 1. HP: 18/18 MP: 1/1
   153 | D:1      | Found a faded altar of an unknown god.
   164 | D:1      | Prayed at the altar of an unknown god.
   164 | D:1      | Became a worshipper of Makhleb the Destroyer
   164 | D:1      | Reached * piety under Makhleb
   237 | D:1      | Gained mutation: You have a somewhat thin skeletal
                  | structure. (Dex +2, Stealth+) [demonic ancestry]
   237 | D:1      | Reached XP level 2. HP: 24/24 MP: 2/2
   778 | D:1      | Found Kasoschyt's Magic Scroll Boutique.
   791 | D:1      | Gained mutation: You have a moderately thin skeletal
                  | structure. (Dex +4, Stealth++) [demonic ancestry]
   791 | D:1      | Reached XP level 3. HP: 29/29 MP: 3/3
   935 | D:1      | Identified a scroll of acquirement
   935 | D:1      | Acquired the +3 warlock's mirror {omnireflect}
   935 | D:1      | Found the +3 warlock's mirror {omnireflect}
  1020 | D:2      | Reached ** piety under Makhleb
  1362 | D:2      | Reached skill level 1 in Invocations
  1431 | D:2      | Reached XP level 4. HP: 27/35 MP: 5/5
  1931 | D:3      | Reached skill level 2 in Invocations
  2075 | D:3      | Noticed Ijyb
  2419 | D:3      | Identified the ring "Kupash" {rC- Will+++ rCorr Int+6
                  | Stlth-}
  2437 | D:3      | Killed Ijyb
  2438 | D:3      | Reached skill level 1 in Dodging
  2503 | D:3      | Noticed Jessica
  2512 | D:3      | Killed Jessica
  2513 | D:3      | Gained mutation: Spells you cast may paralyse adjacent
                  | enemies. [demonic ancestry]
  2513 | D:3      | Reached XP level 5. HP: 41/41 MP: 5/7
  2754 | D:3      | Reached skill level 3 in Invocations
  3662 | D:4      | Noticed a black bear
  3670 | D:4      | Killed a black bear
  3671 | D:4      | Reached skill level 4 in Invocations
  3671 | D:4      | Reached XP level 6. HP: 48/48 MP: 7/9
  3751 | D:4      | Found a stormy altar of Qazlal.
  3755 | D:4      | Reached *** piety under Makhleb
  3965 | D:4      | Reached skill level 5 in Invocations
  4031 | D:4      | Found a hazy altar of Hepliaklqana.
  4031 | D:4      | Found a shimmering blue altar of Sif Muna.
  4209 | D:5      | Entered Level 5 of the Dungeon
  4230 | D:5      | Reached XP level 7. HP: 40/54 MP: 10/10
  4419 | D:5      | Found Yboh's Antique Armour Emporium.
  4555 | D:5      | Bought a runed ring mail for 133 gold pieces
  4700 | D:5      | Found a blossoming altar of Fedhas.
  4820 | D:5      | Reached skill level 6 in Invocations
  5871 | D:6      | Found a broken altar of Ashenzari.
  5884 | D:6      | Reached skill level 7 in Invocations
  5944 | D:6      | Gained mutation: You have an unnaturally thin skeletal
                  | structure. (Dex +6, Stealth+++) [demonic ancestry]
  5944 | D:6      | Reached XP level 8. HP: 54/61 MP: 10/13
  5948 | D:6      | Reached skill level 5 in Fighting
  6068 | D:6      | Found a runed translucent door.
  6321 | D:6      | Reached skill level 8 in Invocations
  6346 | D:6      | Noticed cforsyth's ghost (novice DEEE)
  7159 | D:6      | Reached skill level 5 in Armour
  7159 | D:6      | Reached skill level 1 in Stealth
  7452 | D:6      | Learned a level 2 spell: Wereblood
  7783 | D:7      | Found a staircase to the Ecumenical Temple.
  7972 | D:7      | Reached skill level 1 in Short Blades
  8095 | D:7      | You fall into a shaft and drop 2 floors!
  8101 | D:9      | Found a staircase to the Lair.
  8126 | D:9      | Noticed a two-headed ogre
  8145 | D:9      | Killed a two-headed ogre
  8146 | D:9      | Gained mutation: Spells you cast may paralyse nearby
                  | enemies. [demonic ancestry]
  8146 | D:9      | Reached XP level 9. HP: 17/69 MP: 3/15
  8418 | D:9      | Noticed a troll
  8443 | D:9      | Killed a troll
  8514 | D:9      | Reached **** piety under Makhleb
  8525 | D:9      | Reached skill level 5 in Dodging
  9455 | D:9      | Found a sacrificial altar of Ru.
  9759 | D:10     | Entered Level 10 of the Dungeon
  9932 | D:8      | Found a shadowy altar of Dithmenos.
  9979 | D:8      | Reached XP level 10. HP: 78/79 MP: 16/16
  9996 | D:8      | Reached skill level 5 in Short Blades
 10283 | D:8      | Reached skill level 5 in Stealth
 11104 | D:10     | Found a staircase to the Orcish Mines.
 11167 | D:10     | Noticed a two-headed ogre
 11178 | D:10     | Killed a two-headed ogre
 11222 | D:10     | Found a sparkling altar of Nemelex Xobeh.
 11703 | D:10     | Noticed a catoblepas
 11729 | D:10     | Killed a catoblepas
 12084 | D:11     | Found Tuclu's Antique Armour Shoppe.
 12094 | D:11     | Bought an embroidered hat for 147 gold pieces
 12124 | D:11     | Noticed a two-headed ogre
 12140 | D:11     | Killed a two-headed ogre
 12141 | D:11     | Gained mutation: You regenerate a little health from kills.
                  | [demonic ancestry]
 12141 | D:11     | Reached XP level 11. HP: 81/86 MP: 13/17
 12492 | D:11     | Noticed a two-headed ogre
 12522 | D:11     | Killed a two-headed ogre
 12821 | D:11     | Noticed a two-headed ogre
 12924 | Lair:1   | Entered Level 1 of the Lair of Beasts
 12941 | Lair:1   | Reached skill level 1 in Transmutations
 13190 | Lair:1   | Found a dark tunnel.
 13198 | Volcano  | Entered a volcano
 13436 | Volcano  | Noticed a fire dragon
 13519 | Volcano  | Found a bloodstained altar of Trog.
 13519 | Volcano  | Noticed a lindwurm
 13536 | Volcano  | Killed a lindwurm
 13537 | Volcano  | Reached skill level 5 in Transmutations
 13543 | Volcano  | Reached ***** piety under Makhleb
 13548 | Volcano  | Killed a fire dragon
 13970 | D:12     | Noticed Nessos
 14550 | Lair:1   | Reached XP level 12. HP: 94/94 MP: 18/18
 14649 | Lair:1   | Reached skill level 10 in Short Blades
 15133 | Lair:2   | Reached skill level 9 in Invocations
 15250 | Lair:2   | Found a staircase to the Shoals.
 15579 | Lair:2   | Reached skill level 10 in Invocations
 16022 | Lair:3   | Noticed a seven-headed hydra
 16024 | Lair:3   | Noticed Josephine
 16026 | Lair:3   | Reached skill level 11 in Invocations
 16061 | Lair:3   | Killed from afar by Josephine

Illustrated notes

Levels and vault maps discovered:
D:1:      dpeg_chamrin_arrival_tetris, layout_basic, serial_shops,
          nicolae_shop_crystal, chequers_ecumenical_altar_grove
D:2:      layout_basic
D:3:      layout_basic, corner_web_ring, uniq_jessica, uniq_ijyb
D:4:      layout_rooms, mainiacjoe_overflow_catwalk,
          nicolae_overflow_two_pavilions, hangedman_decor_riveting
D:5:      layout_basic, fedhas_ov_isle_minmay, serial_shops,
          nicolae_stop_n_shop_2, minmay_mini_ossuary
D:6:      layout_basic, mainiacjoe_overflow_paths, ebering_ghost_sewer_d
D:7:      layout_layer_cave, good_gods_temple_1,
          minmay_temple_entry_stoned_glass
D:8:      layout_basic, nicolae_dithmenos_through_a_glass_darkly
D:9:      layout_basic, nicolae_ru_path_of_blood, dpeg_oklobed_lair
D:10:     layout_loops_corners, kennysheep_mini_moat, david_orc_2
D:11:     layout_irregular_city, serial_shops, nicolae_shop_crystal
D:12:     layout_small_grid, nicolae_diode_intersection, uniq_nessos
Lair:1:   layout_misc_corridors, nicolae_volcano_entry_hallway,
          grunt_forest_small_clearings, chequers_serial_rivers_small_a,
          grunt_megastairs_1
Lair:2:   layout_cave_shapes, shoals_dummy_entry, roderic_batcave, st_stairs_10
Lair:3:   layout_roguey [special_room_bee], guppyfry_snake_entry_garden,
          basic_altar, minmay_lair_oklob_bushes, lemuel_fruit_fields,
          uniq_josephine

Skill      XL: |  1  2  3  4  5  6  7  8  9 10 11 12 |
---------------+-------------------------------------+-----
Shields        | 3 4 |  4.0
Invocations    | 1 2 4 5 7 8 11 | 11.2
Armour         | 3 4 5 |  5.1
Dodging        | 1 2 3 4 5 6 |  6.9
Fighting       | 4 6 7 8 |  8.3
Stealth        | 3 4 6 |  6.5
Short Blades   | 2 4 7 9 10 | 10.0
Transmutations | 6 |  6.3
Axes           | |  1.7

Action                     |  1- 3 |  4- 6 |  7- 9 | 10-12 || total
---------------------------+-------+-------+-------+-------++-------
  Melee: Short sword       |   139 |   164 |   490 |   599 ||  1392
         War axe           |     1 |       |    22 |       ||    23
         Rapier            |       |       |    65 |    17 ||    82
  Throw: Stone             |     2 |     1 |     7 |       ||    10
         Dart              |       |     3 |     6 |     7 ||    16
   Cast: Wereblood         |       |       |       |    78 ||    78
 Invoke: Lesser Servant of |       |       |     1 |       ||     1
         Major Destruction |       |       |     1 |       ||     1
  Evoke: Wand              |       |     2 |     1 |       ||     3
         Tin of tremorston |       |       |       |     1 ||     1
    Use: Scroll            |     1 |     8 |    16 |     5 ||    30
         Potion            |       |     1 |       |     3 ||     4
   Stab: Sleeping          |       |       |     9 |    16 ||    25
         Distracted        |       |       |     1 |     2 ||     3
         Confused          |       |       |     1 |       ||     1
         Paralysed         |       |       |       |    37 ||    37
 Armour: Scale mail        |    25 |       |       |       ||    25
         Chain mail        |    37 |    61 |    16 |       ||   114
         Ring mail         |       |       |   152 |   140 ||   292
  Dodge: Dodged            |    36 |    27 |   281 |   356 ||   700
  Block: Buckler           |    36 |    62 |   259 |   310 ||   667
         Reflection        |     1 |     3 |    13 |    14 ||    31

Table legend: (Time is in decaauts)
 A = Elapsed time spent in this place.
 B = Non-inter-level travel time spent in this place.
 C = Inter-level travel time spent in this place.
 D = Time resting spent in this place.
 E = Time spent auto-exploring this place.
 F = Levels seen in this place.
 G = Mean time per level.
                   A        B        C        D        E       F      G
               +--------+--------+--------+--------+--------+-----+--------+
         Total |  15886 |  14886 |   1000 |   2261 |   9031 |  16 |  992.9 |
       Dungeon |  13359 |  12492 |    867 |   2072 |   7666 |  12 | 1113.2 |
          Lair |   2095 |   1963 |    132 |     16 |   1346 |   3 |  698.3 |
       Volcano |    431 |    431 |      0 |    173 |     19 |   1 |  431.0 |
               +--------+--------+--------+--------+--------+-----+--------+

Top non-repeatable levels by time:
     D:9: 1832 daAuts
     D:6: 1563 daAuts
     D:5: 1512 daAuts
     D:3: 1317 daAuts
  Lair:1: 1154 daAuts
    D:10: 1153 daAuts
     D:4: 1152 daAuts
    D:11: 1025 daAuts
     D:1: 989 daAuts
     D:8: 961 daAuts
     D:2: 919 daAuts
     D:7: 885 daAuts
  Lair:2: 858 daAuts
 Volcano: 431 daAuts
  Lair:3: 83 daAuts
